Workbook

Sheet Financial Statements
I1: Documentation
B2: Power Assets | I2: This is an area where we can put documentation.
B3: Statements of Movements in Equity
B4: as at 31 December
D5: =+E5+1 -> 2018 | E5: =+F5+1 -> 2017 | F5: =+G5+1 -> 2016 | G5: 2015
D6: =+G6 -> HK$'000 | E6: =+G6 -> HK$'000 | F6: =+G6 -> HK$'000 | G6: HK$'000
B8: Opening balance | D8: =SUM(E29:E30) -> 95816 | E8: =F29 -> 118411 | F8: =G29 -> 123597 | G8: 123088
B9: Changes in equity
B10: Profit for the year | D10: 7636 | E10: 8319 | F10: 6417 | G10: 7732
B11: Other comprehensive income
A12: O | B12: Remeasurement of net defined benefit asset/liability | D12: -20 | E12: 29 | F12: -3 | G12: -17
A13: F | B13: Share of other comprehensive income of joint ventures and associates that will not be reclassified to profit or loss | D13: 696 | E13: 32 | F13: -1418 | G13: 410
A14: O | B14: Income tax relating to items that will not be reclassified to profit or loss | D14: -119 | E14: -9 | F14: 242 | G14: -97
A15: O | B15: Exchange difference on translating operations outside Hong Kong, including joint ventures and associates | D15: -3592 | E15: 4111 | F15: -5738 | G15: -3004
A16: O | B16: Net investment hedges | D16: 1971 | E16: -2427 | F16: 1607 | G16: 1039
A17: O | B17: Cost of hedging | D17: 155 | E17: 0 | F17: 0 | G17: 0
A18: O | B18: Cash flow hedges:Net movement of hedging reserve related to hedging instruments recognised during the current year | D18: -55 | E18: -34 | F18: -33 | G18: 116
A19: F | B19: Share of other comprehensive income of joint ventures and associates | D19: -246 | E19: -303 | F19: -546 | G19: 149
A20: O | B20: Income tax relating to items that may be reclassified subsequently to profit or loss | D20: 97 | E20: 83 | F20: 91 | G20: -78
B21: Total other comprehensive income | D21: =D12+D13+D14+D15+D16+D17+D18+D19+D20 -> -1113 | E21: =E12+E13+E14+E15+E16+E17+E18+E19+E20 -> 1482 | F21: =F12+F13+F14+F15+F16+F17+F18+F19+F20 -> -5798 | G21: =G12+G13+G14+G15+G16+G17+G18+G19+G20 -> -1482 | I21: Notes Area
B22: Total comprehensive income | D22: =D10+D21 -> 6523 | E22: =E10+E21 -> 9801 | F22: =F10+F21 -> 619 | G22: =G10+G21 -> 6250 | I22: This area is designed as a space to write notes to yourself. Hopefully this will save you the hassle of attempting to find the pen and paper that is somewhere in the bottom of your bag. Checks: SOCIE Profit for the year = INCOME Profit for the year attributable to equity shareholders of the Company ✓ SOCIE Total comprehensive income = INCOME Total comprehensive income for the year attributable to equity shareholders of the Company ✓ SOCIE Closing balance = BALANCE Total equity attributable to equity shareholders of the Company Financial Income - separated out
B23: Special interim dividend in respect of the previous year declared and paid | D23: -12806 | E23: -10671
B24: Final dividend in respect of the previous year approved and paid | D24: -4333 | E24: -4311 | F24: -4311 | G24: -4290
B25: Interim dividend paid | D25: -1643 | E25: -1643 | F25: -1494 | G25: -1451
B26: Special interim dividend paid | E26: -16007
B27: Special interim dividend declared after the end of the reporting period
B28: Proposed final dividend
B29: Closing balance | D29: =D8+D22+D23+D24+D25 -> 83557 | E29: =E8+E22+E23+E24+E25+E26 -> 95580 | F29: =F8+F22+F24+F25 -> 118411 | G29: =G8+G22+G24+G25 -> 123597
B30: Impact on initial application of HKFRS 9 | E30: 236
B32: =+B2 -> Power Assets
B33: Balance Sheets
B34: as at 31 December
D35: =+D5 -> 2018 | E35: =+E5 -> 2017 | F35: =+F5 -> 2016 | G35: =+G5 -> 2015
D36: =+G6 -> HK$'000 | E36: =+G6 -> HK$'000 | F36: =+G6 -> HK$'000 | G36: =+G6 -> HK$'000
B38: Non current assets
B39: Property, plant and equipment and leasehold land
A40: O | B40: Property, plant and equipment | D40: 14 | E40: 14 | F40: 12 | G40: 12
A41: F | B41: Interest in leasehold land held for own use under finance leases | F41: 17 | G41: 18
D42: =SUM(D40:D41) -> 14 | E42: =SUM(E40:E41) -> 14 | F42: =SUM(F40:F41) -> 29 | G42: =SUM(G40:G41) -> 30
A43: F | B43: Interest in joint ventures | D43: 55697 | E43: 56415 | F43: 42739 | G43: 42629
A44: F | B44: Interest in associates | D44: 23725 | E44: 24589 | F44: 24202 | G44: 23919
A45: F | B45: Other non current financial assets | D45: 5100 | E45: 67 | F45: 67 | G45: 67
A46: F | B46: Derivative financial instruments | D46: 1375 | E46: 316 | F46: 846 | G46: 167
A47: O | B47: Deffered tax assets | D47: 46 | E47: 21 | F47: 19
A48: O | B48: Employee retirement benefit assets | D48: 5 | E48: 5 | F48: 4 | G48: 3
D49: =SUM(D42:D48) -> 85962 | E49: =SUM(E42:E48) -> 81427 | F49: =SUM(F42:F48) -> 67906 | G49: =SUM(G42:G48) -> 66815
B50: Current Assets
A51: O | B51: Trade and other recievables | D51: 246 | E51: 167 | F51: 161 | G51: 394
A52: OF | B52: Bank deposits and cash | D52: 5229 | E52: 25407 | F52: 61710 | G52: 68149
D53: =SUM(D51:D52) -> 5475 | E53: =SUM(E51:E52) -> 25574 | F53: =SUM(F51:F52) -> 61871 | G53: =SUM(G51:G52) -> 68543
B54: Current Liabilities
A55: O | B55: Trade and other payables | D55: -4063 | E55: -3197 | F55: -2595 | G55: -2078
A56: F | B56: Current portion of bank loans and other interest bearing borrowings | E56: -3544
A57: O | B57: Current tax payable | D57: -9 | E57: -91 | F57: -46 | G57: -41
D58: =SUM(D55:D57) -> -4072 | E58: =SUM(E55:E57) -> -6832 | F58: =SUM(F55:F57) -> -2641 | G58: =SUM(G55:G57) -> -2119
B59: Net Current Assets | D59: =SUM(D53:D57) -> 1403 | E59: =SUM(E53:E57) -> 18742 | F59: =SUM(F53:F57) -> 59230 | G59: =SUM(G53:G57) -> 66424
B60: Total assets less current liabilites | D60: =SUM(D49+D53+D58) -> 87365 | E60: =SUM(E49+E53+E58) -> 100169 | F60: =SUM(F49+F53+F58) -> 127136 | G60: =SUM(G49+G53+G58) -> 133239
B61: Non current liabilities
A62: F | B62: Bank loans and other interest bearing borrowings | D62: -3437 | E62: -3679 | F62: -8514 | G62: -9405
A63: F | B63: Dervative financial instruments | D63: -228 | E63: -789 | F63: -52 | G63: -70
A64: O | B64: Deffered tax liabilites | F64: -14 | G64: -27
A65: O | B65: Employee retirement benefit liabilities | D65: -143 | E65: -121 | F65: -145 | G65: -140
D66: =SUM(D62:D65) -> -3808 | E66: =SUM(E62:E65) -> -4589 | F66: =SUM(F62:F65) -> -8725 | G66: =SUM(G62:G65) -> -9642
B67: Net assets | D67: =D60+D66 -> 83557 | E67: =E60+E66 -> 95580 | F67: =F60+F66 -> 118411 | G67: =G60+G66 -> 123597
B68: Equity
B69: Share capital | D69: 6610 | E69: 6610 | F69: 6610 | G69: 6610
B70: Reserves | D70: 76947 | E70: 88970 | F70: 111801 | G70: 116987
B71: Total equity attributable to equity shareholders of the Company | D71: =SUM(D69:D70) -> 83557 | E71: =SUM(E69:E70) -> 95580 | F71: =SUM(F69:F70) -> 118411 | G71: =SUM(G69:G70) -> 123597
B74: =+B2 -> Power Assets
B75: Income Statements
B76: as at 31 December
D77: =D5 -> 2018 | E77: =E5 -> 2017 | F77: =F5 -> 2016 | G77: =G5 -> 2015
D78: =+G6 -> HK$'000 | E78: =+G6 -> HK$'000 | F78: =+G6 -> HK$'000 | G78: =+G6 -> HK$'000
A80: O | B80: Revenue | D80: =1555-D81 -> 42 | E80: =1420-E81 -> 40 | F80: =1288-F81 -> 52 | G80: =1308-G81 -> 69
A81: F | B81: Financial Income | D81: 1513 | E81: 1380 | F81: 1236 | G81: 1239
B82: Total Revenue | D82: =SUM(D80:D81) -> 1555 | E82: =SUM(E80:E81) -> 1420 | F82: =SUM(F80:F81) -> 1288 | G82: =SUM(G80:G81) -> 1308
A83: O | B83: Direct costs | D83: -1 | E83: -1 | F83: -6 | G83: -8
D84: =SUM(D82:D83) -> 1554 | E84: =SUM(E82:E83) -> 1419 | F84: =SUM(F82:F83) -> 1282 | G84: =SUM(G82:G83) -> 1300
A85: O | B85: Other net income | D85: 285 | E85: 1663 | F85: -221 | G85: -207
A86: O | B86: Other operating costs | D86: -311 | E86: -525 | F86: -809 | G86: 145
B87: Operating profit | D87: =SUM(D84:D86) -> 1528 | E87: =SUM(E84:E86) -> 2557 | F87: =SUM(F84:F86) -> 252 | G87: =SUM(G84:G86) -> 1238
A88: F | B88: Finance costs | D88: -194 | E88: -295 | F88: -248 | G88: -264
A89: O | B89: Share of profit less losses of joint ventures | D89: 4668 | E89: 4421 | F89: 4705 | G89: 4958
A90: O | B90: Share of profit less losses of associates | D90: 1688 | E90: 1733 | F90: 1696 | G90: 1789
B91: Profit before taxation | D91: =SUM(D87:D90) -> 7690 | E91: =SUM(E87:E90) -> 8416 | F91: =SUM(F87:F90) -> 6405 | G91: =SUM(G87:G90) -> 7721
B92: Income tax:
A93: OF | B93: Current | D93: -62 | E93: -93 | F93: -7 | G93: 11
A94: OF | B94: Deffered | D94: 8 | E94: -4 | F94: 19
D95: =SUM(D93:D94) -> -54 | E95: =SUM(E93:E94) -> -97 | F95: =SUM(F93:F94) -> 12 | G95: =SUM(G93:G94) -> 11
B96: Profit for the year attributable to equity shareholders of the Company | D96: =SUM(D91,D95) -> 7636 | E96: =SUM(E91,E95) -> 8319 | F96: =SUM(F91,F95) -> 6417 | G96: =SUM(G91,G95) -> 7732
B97: Other comprehensive income for the year
B98: Items that will not be reclassified to profit or loss
A99: =A12 -> O | B99: Remeasurement of net defined benefit/liability | D99: -20 | E99: 29 | F99: -3 | G99: -17
A100: =A13 -> F | B100: Share of other comprehensive income of joint ventures and associates | D100: 696 | E100: 32 | F100: -1418 | G100: 410
A101: =A14 -> O | B101: Income tax relating to items that will not be reclassified to profit or loss | D101: -119 | E101: -9 | F101: 242 | G101: -97
D102: =SUM(D99:D101) -> 557 | E102: =SUM(E99:E101) -> 52 | F102: =SUM(F99:F101) -> -1179 | G102: =SUM(G99:G101) -> 296
B103: Items that may be reclassified subsequently to profit or loss
A104: =A15 -> O | B104: Exchange differences on translating operations outside Hong Kong, including joint ventures and associates | D104: -3592 | E104: 4111 | F104: -5738 | G104: -3004
A105: =A16 -> O | B105: Net investment hedges | D105: 1971 | E105: -2427 | F105: 1607 | G105: 1039
A106: =A17 -> O | B106: Cost of hedging | D106: 155
...

Sheet Restated Financial Statements
P1: Documentation
B2: =+'Financial Statements'!B2:G2 -> Power Assets | P2: This is an area where we can put documentation. I have chosen to allocate activites relating to "joint ventures or associates" as financial rather than operating because when looking at my companys full financial statements it under not 4. notes that "Group revenue represents interest income from loans granted to joint ventures and associates, dividends from other financial assets". I understand this to mean that the income has been generated from the interest the company earns from loans they have granted - meaning this would be financial.
B3: Restated Statements of Movements in Equity
B4: =+'Financial Statements'!B4:G4 -> as at 31 December
D5: 2004 | E5: 2005 | F5: 2006 | G5: 2007 | H5: 2008 | I5: 2009 | J5: =+'Financial Statements'!D5 -> 2018 | K5: =+'Financial Statements'!E5 -> 2017 | L5: =+'Financial Statements'!F5 -> 2016 | M5: =+'Financial Statements'!G5 -> 2015
D6: $'000 | E6: $'000 | F6: $'000 | G6: $'000 | H6: $'000 | I6: $'000 | J6: =+K6 -> HK$'000 | K6: =+M6 -> HK$'000 | L6: =+M6 -> HK$'000 | M6: =+'Financial Statements'!G6 -> HK$'000
B8: ='Financial Statements'!B8 -> Opening balance | J8: ='Financial Statements'!D8 -> 95816 | K8: ='Financial Statements'!E8 -> 118411 | L8: ='Financial Statements'!F8 -> 123597 | M8: ='Financial Statements'!G8 -> 123088
B9: ='Financial Statements'!B9 -> Changes in equity
B10: ='Financial Statements'!B10 -> Profit for the year | J10: ='Financial Statements'!D10 -> 7636 | K10: ='Financial Statements'!E10 -> 8319 | L10: ='Financial Statements'!F10 -> 6417 | M10: ='Financial Statements'!G10 -> 7732
B11: Other Operating Comprehensive Income
B12: ='Financial Statements'!B12 -> Remeasurement of net defined benefit asset/liability | J12: ='Financial Statements'!D12 -> -20 | K12: ='Financial Statements'!E12 -> 29 | L12: ='Financial Statements'!F12 -> -3 | M12: ='Financial Statements'!G12 -> -17
B13: ='Financial Statements'!B15 -> Exchange difference on translating operations outside Hong Kong, including joint ventures and associates | J13: ='Financial Statements'!D15 -> -3592 | K13: ='Financial Statements'!E15 -> 4111 | L13: ='Financial Statements'!F15 -> -5738 | M13: ='Financial Statements'!G15 -> -3004
B14: ='Financial Statements'!B16 -> Net investment hedges | J14: ='Financial Statements'!D16 -> 1971 | K14: ='Financial Statements'!E16 -> -2427 | L14: ='Financial Statements'!F16 -> 1607 | M14: ='Financial Statements'!G16 -> 1039
B15: ='Financial Statements'!B17 -> Cost of hedging | J15: ='Financial Statements'!D17 -> 155 | K15: ='Financial Statements'!E17 -> 0 | L15: ='Financial Statements'!F17 -> 0 | M15: ='Financial Statements'!G17 -> 0
B16: ='Financial Statements'!B18 -> Cash flow hedges:Net movement of hedging reserve related to hedging instruments recognised during the current year | J16: ='Financial Statements'!D18 -> -55 | K16: ='Financial Statements'!E18 -> -34 | L16: ='Financial Statements'!F18 -> -33 | M16: ='Financial Statements'!G18 -> 116
B17: ='Financial Statements'!B14 -> Income tax relating to items that will not be reclassified to profit or loss | J17: ='Financial Statements'!D14 -> -119 | K17: ='Financial Statements'!E14 -> -9 | L17: ='Financial Statements'!F14 -> 242 | M17: ='Financial Statements'!G14 -> -97
B18: ='Financial Statements'!B20 -> Income tax relating to items that may be reclassified subsequently to profit or loss | J18: ='Financial Statements'!D20 -> 97 | K18: ='Financial Statements'!E20 -> 83 | L18: ='Financial Statements'!F20 -> 91 | M18: ='Financial Statements'!G20 -> -78
B19: Total Other Operating Comprehensive Income | J19: =SUM(J12:J18) -> -1563 | K19: =SUM(K12:K18) -> 1753 | L19: =SUM(L12:L18) -> -3834 | M19: =SUM(M12:M18) -> -2041
B20: Other Financial Comprehensive Income
B21: ='Financial Statements'!B13 -> Share of other comprehensive income of joint ventures and associates that will not be reclassified to profit or loss | J21: ='Financial Statements'!D13 -> 696 | K21: ='Financial Statements'!E13 -> 32 | L21: ='Financial Statements'!F13 -> -1418 | M21: ='Financial Statements'!G13 -> 410
B22: ='Financial Statements'!B19 -> Share of other comprehensive income of joint ventures and associates | J22: ='Financial Statements'!D19 -> -246 | K22: ='Financial Statements'!E19 -> -303 | L22: ='Financial Statements'!F19 -> -546 | M22: ='Financial Statements'!G19 -> 149
B23: Total Other Financial Comprehensive Income | J23: =SUM(J21:J22) -> 450 | K23: =SUM(K21:K22) -> -271 | L23: =SUM(L21:L22) -> -1964 | M23: =SUM(M21:M22) -> 559
B24: Total Other Comprehensive Income | J24: =J19+J23 -> -1113 | K24: =K19+K23 -> 1482 | L24: =L19+L23 -> -5798 | M24: =M19+M23 -> -1482
B25: ='Financial Statements'!B22 -> Total comprehensive income | J25: ='Financial Statements'!D22 -> 6523 | K25: ='Financial Statements'!E22 -> 9801 | L25: ='Financial Statements'!F22 -> 619 | M25: ='Financial Statements'!G22 -> 6250
B26: ='Financial Statements'!B23 -> Special interim dividend in respect of the previous year declared and paid | J26: ='Financial Statements'!D23 -> -12806 | K26: ='Financial Statements'!E23 -> -10671 | L26: ='Financial Statements'!F23 -> 0 | M26: ='Financial Statements'!G23 -> 0
B27: ='Financial Statements'!B24 -> Final dividend in respect of the previous year approved and paid | J27: ='Financial Statements'!D24 -> -4333 | K27: ='Financial Statements'!E24 -> -4311 | L27: ='Financial Statements'!F24 -> -4311 | M27: ='Financial Statements'!G24 -> -4290
B28: ='Financial Statements'!B25 -> Interim dividend paid | J28: ='Financial Statements'!D25 -> -1643 | K28: ='Financial Statements'!E25 -> -1643 | L28: ='Financial Statements'!F25 -> -1494 | M28: ='Financial Statements'!G25 -> -1451
B29: ='Financial Statements'!B26 -> Special interim dividend paid | J29: ='Financial Statements'!D26 -> 0 | K29: ='Financial Statements'!E26 -> -16007 | L29: ='Financial Statements'!F26 -> 0 | M29: ='Financial Statements'!G26 -> 0
B30: ='Financial Statements'!B27 -> Special interim dividend declared after the end of the reporting period | J30: ='Financial Statements'!D27 -> 0 | K30: ='Financial Statements'!E27 -> 0 | L30: ='Financial Statements'!F27 -> 0 | M30: ='Financial Statements'!G27 -> 0
B31: ='Financial Statements'!B28 -> Proposed final dividend | J31: ='Financial Statements'!D28 -> 0 | K31: ='Financial Statements'!E28 -> 0 | L31: ='Financial Statements'!F28 -> 0 | M31: ='Financial Statements'!G28 -> 0
B32: ='Financial Statements'!B29 -> Closing balance | J32: =J8+J10+J24+J26+J27+J28+J29+J30+J31 -> 83557 | K32: =K8+K10+K24+K26+K27+K28+K29+K30+K31 -> 95580 | L32: =L8+L10+L24+L26+L27+L28+L29+L30+L31 -> 118411 | M32: =M8+M10+M24+M26+M27+M28+M29+M30+M31 -> 123597
B33: ='Financial Statements'!B30 -> Impact on initial application of HKFRS 9 | J33: ='Financial Statements'!D30 -> 0 | K33: ='Financial Statements'!E30 -> 236 | L33: ='Financial Statements'!F30 -> 0 | M33: ='Financial Statements'!G30 -> 0
B35: =+'Financial Statements'!B2:G2 -> Power Assets
B36: Restated Statements of Financial Position
B37: =+'Financial Statements'!B34:G34 -> as at 31 December
D38: 2004 | E38: 2005 | F38: 2006 | G38: 2007 | H38: 2008 | I38: 2009 | J38: =+'Financial Statements'!D5 -> 2018 | K38: =+'Financial Statements'!E5 -> 2017 | L38: =+'Financial Statements'!F5 -> 2016 | M38: =+'Financial Statements'!G5 -> 2015
D39: $'000 | E39: $'000 | F39: $'000 | G39: $'000 | H39: $'000 | I39: $'000 | J39: =+K39 -> HK$'000 | K39: =+K6 -> HK$'000 | L39: =+L6 -> HK$'000 | M39: =+M6 -> HK$'000
B40: Operating Liabilities
B41: ='Financial Statements'!B55 -> Trade and other payables | J41: ='Financial Statements'!D55 -> -4063 | K41: ='Financial Statements'!E55 -> -3197 | L41: ='Financial Statements'!F55 -> -2595 | M41: ='Financial Statements'!G55 -> -2078
B42: ='Financial Statements'!B57 -> Current tax payable | J42: ='Financial Statements'!D57 -> -9 | K42: ='Financial Statements'!E57 -> -91 | L42: ='Financial Statements'!F57 -> -46 | M42: ='Financial Statements'!G57 -> -41
B43: ='Financial Statements'!B64 -> Deffered tax liabilites | J43: ='Financial Statements'!D64 -> 0 | K43: ='Financial Statements'!E64 -> 0 | L43: ='Financial Statements'!F64 -> -14 | M43: ='Financial Statements'!G64 -> -27
B44: ='Financial Statements'!B65 -> Employee retirement benefit liabilities | J44: ='Financial Statements'!D65 -> -143 | K44: ='Financial Statements'!E65 -> -121 | L44: ='Financial Statements'!F65 -> -145 | M44: ='Financial Statements'!G65 -> -140
B45: Total Operating Liabilities | J45: =SUM(J41:J44) -> -4215 | K45: =SUM(K41:K44) -> -3409 | L45: =SUM(L41:L44) -> -2800 | M45: =SUM(M41:M44) -> -2286
B46: Operating Assets
B47: ='Financial Statements'!B40 -> Property, plant and equipment | J47: ='Financial Statements'!D40 -> 14 | K47: ='Financial Statements'!E40 -> 14 | L47: ='Financial Statements'!F40 -> 12 | M47: ='Financial Statements'!G40 -> 12
B48: ='Financial Statements'!B47 -> Deffered tax assets | J48: ='Financial Statements'!D47 -> 46 | K48: ='Financial Statements'!E47 -> 21 | L48: ='Financial Statements'!F47 -> 19 | M48: ='Financial Statements'!G47 -> 0
B49: ='Financial Statements'!B48 -> Employee retirement benefit assets | J49: ='Financial Statements'!D48 -> 5 | K49: ='Financial Statements'!E48 -> 5 | L49: ='Financial Statements'!F48 -> 4 | M49: ='Financial Statements'!G48 -> 3
B50: ='Financial Statements'!B51 -> Trade and other recievables | J50: ='Financial Statements'!D51 -> 246 | K50: ='Financial Statements'!E51 -> 167 | L50: ='Financial Statements'!F51 -> 161 | M50: ='Financial Statements'!G51 -> 394
B51: ='Financial Statements'!B52 -> Bank deposits and cash | J51: =J131 -> 0.42 | K51: =K131 -> 0.4 | L51: =L131 -> 0.52 | M51: =M131 -> 0.69
B52: Total Operating Assets | J52: =SUM(J47:J51) -> 311.42 | K52: =SUM(K47:K51) -> 207.4 | L52: =SUM(L47:L51) -> 196.52 | M52: =SUM(M47:M51) -> 409.69
B53: Net Operating Assets (NOA) | J53: =J45+J52 -> -3903.58 | K53: =K45+K52 -> -3201.6 | L53: =L45+L52 -> -2603.48 | M53: =M45+M52 -> -1876.31
B55: Financial Assets
B56: ='Financial Statements'!B52 -> Bank deposits and cash | C56: =C132 -> 0 | D56: =D132 -> 0 | E56: =E132 -> 0 | F56: =F132 -> 0 | G56: =G132 -> 0 | H56: =H132 -> 0 | I56: =I132 -> 0 | J56: =J132 -> 5228.58 | ... M56: =M132 -> 68148.31
B57: ='Financial Statements'!B43 -> Interest in joint ventures | J57: ='Financial Statements'!D43 -> 55697 | K57: ='Financial Statements'!E43 -> 56415 | L57: ='Financial Statements'!F43 -> 42739 | M57: ='Financial Statements'!G43 -> 42629
B58: ='Financial Statements'!B44 -> Interest in associates | J58: ='Financial Statements'!D44 -> 23725 | K58: ='Financial Statements'!E44 -> 24589 | L58: ='Financial Statements'!F44 -> 24202 | M58: ='Financial Statements'!G44 -> 23919
B59: ='Financial Statements'!B45 -> Other non current financial assets | J59: ='Financial Statements'!D45 -> 5100 | K59: ='Financial Statements'!E45 -> 67 | L59: ='Financial Statements'!F45 -> 67 | M59: ='Financial Statements'!G45 -> 67
B60: ='Financial Statements'!B46 -> Derivative financial instruments | J60: ='Financial Statements'!D46 -> 1375 | K60: ='Financial Statements'!E46 -> 316 | L60: ='Financial Statements'!F46 -> 846 | M60: ='Financial Statements'!G46 -> 167
B61: ='Financial Statements'!B41 -> Interest in leasehold land held for own use under finance leases | J61: ='Financial Statements'!D41 -> 0 | K61: ='Financial Statements'!E41 -> 0 | L61: ='Financial Statements'!F41 -> 17 | M61: ='Financial Statements'!G41 -> 18
B62: Total financial assets | J62: =SUM(J56:J61) -> 91125.58 | K62: =SUM(K56:K61) -> 106793.6 | L62: =SUM(L56:L61) -> 129580.48 | M62: =SUM(M56:M61) -> 134948.31
B63: Financial Obligations
B64: ='Financial Statements'!B56 -> Current portion of bank loans and other interest bearing borrowings | J64: ='Financial Statements'!D56 -> 0 | K64: ='Financial Statements'!E56 -> -3544 | L64: ='Financial Statements'!F56 -> 0 | M64: ='Financial Statements'!G56 -> 0
B65: ='Financial Statements'!B62 -> Bank loans and other interest bearing borrowings | J65: ='Financial Statements'!D62 -> -3437 | K65: ='Financial Statements'!E62 -> -3679 | L65: ='Financial Statements'!F62 -> -8514 | M65: ='Financial Statements'!G62 -> -9405
B66: ='Financial Statements'!B63 -> Dervative financial instruments | J66: ='Financial Statements'!D63 -> -228 | K66: ='Financial Statements'!E63 -> -789 | L66: ='Financial Statements'!F63 -> -52 | M66: ='Financial Statements'!G63 -> -70
B67: Total financial obligations | J67: =SUM(J64:J66) -> -3665 | K67: =SUM(K64:K66) -> -8012 | L67: =SUM(L64:L66) -> -8566 | M67: =SUM(M64:M66) -> -9475
B68: Net Financial Obligations (NFO) | J68: =J62+J67 -> 87460.58 | K68: =K62+K67 -> 98781.6 | L68: =L62+L67 -> 121014.48 | M68: =M62+M67 -> 125473.31
B69: ='Financial Statements'!B68 -> Equity
B70: ='Financial Statements'!B69 -> Share capital | C70: ='Financial Statements'!C69 -> 0 | D70: ='Financial Statements'!D69 -> 6610 | E70: ='Financial Statements'!E69 -> 6610 | F70: ='Financial Statements'!F69 -> 6610 | G70: ='Financial Statements'!G69 -> 6610 | H70: ='Financial Statements'!H69 -> 0 | I70: ='Financial Statements'!I69 -> 0 | J70: ='Financial Statements'!D69 -> 6610 | K70: ='Financial Statements'!E69 -> 6610 | L70: ='Financial Statements'!F69 -> 6610 | M70: ='Financial Statements'!G69 -> 6610
B71: ='Financial Statements'!B70 -> Reserves | J71: ='Financial Statements'!D70 -> 76947 | K71: ='Financial Statements'!E70 -> 88970 | L71: ='Financial Statements'!F70 -> 111801 | M71: ='Financial Statements'!G70 -> 116987
B72: ='Financial Statements'!B71 -> Total equity attributable to equity shareholders of the Company | J72: =SUM(J70:J71) -> 83557 | K72: =SUM(K70:K71) -> 95580 | L72: =SUM(L70:L71) -> 118411 | M72: =SUM(M70:M71) -> 123597
B73: Total NFO + Equity | J73: =J68-J72 -> 3903.58 | K73: =K68-K72 -> 3201.6 | L73: =L68-L72 -> 2603.48 | M73: =M68-M72 -> 1876.31
B76: =+'Financial Statements'!B2:G2 -> Power Assets
B77: Restated Statements of Financial Performance
B78: =+'Financial Statements'!B4:G4 -> as at 31 December
D79: 2004 | E79: 2005 | F79: 2006 | G79: 2007 | H79: 2008 | I79: 2009 | J79: =+J5 -> 2018 | K79: =+K5 -> 2017 | L79: =+L5 -> 2016 | M79: =+M5 -> 2015
D80: $'000 | E80: $'000 | F80: $'000 | G80: $'000 | H80: $'000 | I80: $'000 | J80: =+J6 -> HK$'000 | K80: =+K6 -> HK$'000 | L80: =+L6 -> HK$'000 | M80: =+M6 -> HK$'000
B81: Operating Income
B82: ='Financial Statements'!B80 -> Revenue | J82: ='Financial Statements'!D80 -> 42 | K82: ='Financial Statements'!E80 -> 40 | L82: ='Financial Statements'!F80 -> 52 | M82: ='Financial Statements'!G80 -> 69
B83: ='Financial Statements'!B85 -> Other net income | J83: ='Financial Statements'!D85 -> 285 | K83: ='Financial Statements'!E85 -> 1663 | L83: ='Financial Statements'!F85 -> -221 | M83: ='Financial Statements'!G85 -> -207
B84: Deferred Income Tax | J84: ='Financial Statements'!D94 -> 8 | K84: ='Financial Statements'!E94 -> -4 | L84: ='Financial Statements'!F94 -> 19 | M84: ='Financial Statements'!G94 -> 0
B85: Total Operating Income | J85: =SUM(J82:J84) -> 335 | K85: =SUM(K82:K84) -> 1699 | L85: =SUM(L82:L84) -> -150 | M85: =SUM(M82:M84) -> -138
B86: Operating Expenses
B87: ='Financial Statements'!B86 -> Other operating costs | J87: ='Financial Statements'!D86 -> -311 | K87: ='Financial Statements'!E86 -> -525 | L87: ='Financial Statements'!F86 -> -809 | M87: ='Financial Statements'!G86 -> 145
B88: ='Financial Statements'!B83 -> Direct costs | J88: ='Financial Statements'!D83 -> -1 | K88: ='Financial Statements'!E83 -> -1 | L88: ='Financial Statements'!F83 -> -6 | M88: ='Financial Statements'!G83 -> -8
B89: Total Operating Expenses | J89: =SUM(J87:J88) -> -312 | K89: =SUM(K87:K88) -> -526 | L89: =SUM(L87:L88) -> -815 | M89: =SUM(M87:M88) -> 137
B90: Tax Expense
B91: Tax Reported | J91: ='Financial Statements'!D93 -> -62 | K91: ='Financial Statements'!E93 -> -93 | L91: ='Financial Statements'!F93 -> -7 | M91: ='Financial Statements'!G93 -> 11
B92: Tax Expense | J92: =-(J111) -> 1266.375 | K92: =-(K111) -> 1194.435 | L92: =-(L111) -> 1219.185 | M92: =-(M111) -> 1274.13
B93: Net tax expense | J93: =SUM(J91:J92) -> 1204.375 | K93: =SUM(K91:K92) -> 1101.435 | L93: =SUM(L91:L92) -> 1212.185 | M93: =SUM(M91:M92) -> 1285.13
B94: Operating Comprehensive Income
B95: ='Financial Statements'!B99 -> Remeasurement of net defined benefit/liability | J95: ='Financial Statements'!D99 -> -20 | K95: ='Financial Statements'!E99 -> 29 | L95: ='Financial Statements'!F99 -> -3 | M95: ='Financial Statements'!G99 -> -17
B96: ='Financial Statements'!B101 -> Income tax relating to items that will not be reclassified to profit or loss | J96: ='Financial Statements'!D101 -> -119 | K96: ='Financial Statements'!E101 -> -9 | L96: ='Financial Statements'!F101 -> 242 | M96: ='Financial Statements'!G101 -> -97
B97: ='Financial Statements'!B104 -> Exchange differences on translating operations outside Hong Kong, including joint ventures and associates | J97: ='Financial Statements'!D104 -> -3592 | K97: ='Financial Statements'!E104 -> 4111 | L97: ='Financial Statements'!F104 -> -5738 | M97: ='Financial Statements'!G104 -> -3004
B98: ='Financial Statements'!B105 -> Net investment hedges | J98: ='Financial Statements'!D105 -> 1971 | K98: ='Financial Statements'!E105 -> -2427 | L98: ='Financial Statements'!F105 -> 1607 | M98: ='Financial Statements'!G105 -> 1039
B99: ='Financial Statements'!B106 -> Cost of hedging | J99: ='Financial Statements'!D106 -> 155 | K99: ='Financial Statements'!E106 -> 0 | L99: ='Financial Statements'!F106 -> 0 | M99: ='Financial Statements'!G106 -> 0
B100: ='Financial Statements'!B107 -> Cash flow hedges | J100: ='Financial Statements'!D107 -> 0 | K100: ='Financial Statements'!E107 -> 0 | L100: ='Financial Statements'!F107 -> 0 | M100: ='Financial Statements'!G107 -> 0
B101: ='Financial Statements'!B108 -> Net movement of hedging reserve realted to hedging instruments recognised during the current year | J101: ='Financial Statements'!D108 -> -55 | K101: ='Financial Statements'!E108 -> -34 | L101: ='Financial Statements'!F108 -> -33 | M101: ='Financial Statements'!G108 -> 116
B102: ='Financial Statements'!B110 -> Income tax relating to items that may be reclassified subsequently to profit or loss | J102: ='Financial Statements'!D110 -> 97 | K102: ='Financial Statements'!E110 -> 83 | L102: ='Financial Statements'!F110 -> 91 | M102: ='Financial Statements'!G110 -> -78
B103: Total Operating Comprehensive Income | J103: =SUM(J95:J102) -> -1563 | K103: =SUM(K95:K102) -> 1753 | L103: =SUM(L95:L102) -> -3834 | M103: =SUM(M95:M102) -> -2041
B104: Comprehensive Operating Income after tax (OI) | J104: =J85+J89+J93+J103 -> -335.625 | K104: =K85+K89+K93+K103 -> 4027.435 | L104: =L85+L89+L93+L103 -> -3586.815 | M104: =M85+M89+M93+M103 -> -756.87
B105: Net Financial Expenses
...

Sheet Ratios
J1: Documentation
B2: =+'Financial Statements'!B2:G2 -> Power Assets | J2: This is an area where we can put documentation.
B3: RATIOS
B4: =+'Financial Statements'!B4:G4 -> as at 31 December
D5: =+'Financial Statements'!D5 -> 2018 | E5: =+'Financial Statements'!E5 -> 2017 | F5: =+'Financial Statements'!F5 -> 2016 | G5: =+'Financial Statements'!G5 -> 2015
B6: Profitability Ratios
B7: Gross Profit Margin | C7: Gross profit/sales | G7: 0.1926
B8: Net Profit Margin | C8: Net profit after tax/sales
B9: Return on Assets | C9: Net profit after tax/total assets
B11: Efficiency (or Asset Management) Ratios
B12: Inventory Turnover Ratio | C12: Cost of goods sold/ending inventory | G12: 1.892
B13: Days of Inventory | C13: Inventory/av.daily cost of goods sold
B14: Total Asset Turnover Ratio | C14: Sales/total assets
B15: Current Asset Turnover Ratio | C15: Sales/current assets
B16: Average Collection Period (Days Receivable) | C16: Accounts receivable/av.daily credit sales
B18: Liquidity Ratios
B19: Current Ratio | C19: Current assets/current liabilities | J19: Notes Area
B20: Quick Ratio 1 | C20: (Current assets - inventory - prepayments)/current liabilities | G20: 0.009 | J20: This area is designed as a space to write notes to yourself. Hopefully this will save you the hassle of attempting to find the pen and paper that is somewhere in the bottom of your bag.
B21: Quick Ratio 2 | C21: (Current assets - inventory - prepayments - receivables)/current liabilities
B23: Financial Structure Ratios
B24: Debt/Equity Ratio | C24: Debt/equity
B25: Equity Ratio | C25: Equity/total assets
B26: Times Interest Earned | C26: Earnings before interest & tax/interest
B28: Market Ratios
B29: Earnings per Share (EPS) | C29: Net profit after tax/nos of issued ordinary shares
B30: Dividends per Share (DPS) | C30: Dividends/number of issued ordinary shares
B31: Dividend Yield Ratio | C31: Dividends per share/market price per share
B32: Price Earnings Ratio | C32: Market price per share/earnings per share
B33: Net Asset Backing per Share Ratio | C33: Net assets (owners equity)/number of shares issued
B34: Market/Book Ratio | C34: Market price per share/net asset backing per share | G34: 0.052
B36: Ratios Based on Reformulated Financial Statements
B37: Dividend Payout Ratio | C37: Dividends/comprehensive income
B38: Return on Equity (ROE) | C38: Comprehensive Income/shareholders' equity
B39: Return on Net Operating Assets (RNOA) | C39: Operating income after tax (OI)/net operating assets (NOA)
B40: Net Borrowing Cost (NBC) | C40: Net fin. expenses after tax/net financial obligations
B41: Profit Margin (PM) | C41: Operating income after tax (OI)/sales
B42: Operating Liability Leverage (OLLEV) | C42: Av.operating liabilities/av.net operating assets
B43: Financial Leverage (FLEV) | C43: Av.net financial obligations/av.shareholders' equity
B44: Return on Operating Assets (ROOA) | C44: (OI after tax + implicit interest after tax)/av.operating assets
B45: Operating Liability Leverage Spread (OLSPREAD) | C45: ROOA - short-term borrowing rate (after tax)
B46: Asset Turnover (ATO) | C46: Sales/net operating assets (NOA)
B47: Growth in Sales | C47: Change in sales/prior period's sales
B48: Growth in Operating Income | C48: Change in OI after tax/prior period's OI after tax
... B51: Economic profit | C51: (RNOA - cost of capital) x net operating assets (NOA)
B53: Working Area
B54: This is a place where you can copy and paste formulas, play with calculations and generally have fun whilst being able to see the data you are currently working on.

Sheet Working
B1: Working Area | O1: Notes Area
B2: This is a place where you can copy and paste forumlas, play with calculations and generally have fun without messing up your other worksheets. | O2: This area is designed as a space to write notes to yourself. Hopefully this will save you the hassle of attempting to find the pen and paper that is somewhere in the bottom of your bag.

Sheet NPV & IRR
A1: EXAMPLE FOR WESFARMERS
A3: ALL FIGURES ARE EXPRESSED IN MILLIONS AUD
A5: OPTION 1: BUNNINGS
A7: Time period | B7: 0 | C7: 1 | D7: 2 | E7: 3 | F7: 4 | G7: 5 | H7: 6 | I7: 7 | J7: 8 | K7: 9 | L7: 10
A8: Cashflow | B8: -77 | C8: -4 | D8: 5 | E8: 15 | F8: 20 | G8: 20 | H8: 20 | I8: 25 | J8: 25 | K8: 10 | L8: =11+2 -> 13
A9: NPV | B9: =NPV(0.1,C8:L8)+B8 -> 5.8784404
A11: IRR | B11: =IRR(B8:L8, 0.1) -> 0.11370811
A13: Time period | B13: 0 | C13: 1 | D13: 2 | E13: 3 | F13: 4 | G13: 5 | H13: 6 | I13: 7 | J13: 8 | K13: 9 | L13: 10
A14: Cashflow | B14: -77 | C14: -4 | D14: 5 | E14: 15 | F14: 20 | G14: 20 | H14: 20 | I14: 25 | J14: 25 | K14: 10 | L14: =11+2 -> 13
A15: Cumulative Cashflow | B15: =B14 -> -77 | C15: =B15+C14 -> -81 | D15: =C15+D14 -> -76 | E15: =D15+E14 -> -61 | F15: =E15+F14 -> -41 | G15: =F15+G14 -> -21 | H15: =G15+H14 -> -1 | I15: =H15+I14 -> 24 | J15: =I15+J14 -> 49 | ... L15: =K15+L14 -> 72
A17: Payback Period | B17: 6 years | C17: =-$H$15/$I$14*365 -> 14.6 | D17: days
C18: =-$H$15/$I$14*12 -> 0.48 | D18: months
C19: =-$H$15/$I$14 -> 0.04 | D19: years
A22: OPTION 2: COLES
A24: Time period | B24: 0 | C24: 1 | D24: 2 | E24: 3 | F24: 4 | G24: 5 | H24: 6 | I24: 7 | J24: 8 | K24: 9 | L24: 10
A25: Cashflow | B25: -135 | C25: -5 | D25: -1 | E25: 10 | F25: 15 | G25: 15 | H25: 20 | I25: 20 | J25: 20 | K25: 25 | L25: =15-1.5 -> 13.5
A26: NPV | B26: =NPV(0.1,C25:L25)+B25 -> -66.609668
A28: IRR | B28: =IRR(B25:L25, 0.1) -> -0.0026354084
A30: Time period | B30: 0 | C30: 1 | D30: 2 | E30: 3 | F30: 4 | G30: 5 | H30: 6 | I30: 7 | J30: 8 | K30: 9 | L30: 10
A31: Cashflow | B31: -135 | C31: -5 | D31: -1 | E31: 10 | F31: 15 | G31: 15 | H31: 20 | I31: 20 | J31: 20 | K31: 25 | L31: =15-1.5 -> 13.5
A32: Cumulative Cashflow | B32: =B31 -> -135 | C32: =B32+C31 -> -140 | D32: =C32+D31 -> -141 | E32: =D32+E31 -> -131 | F32: =E32+F31 -> -116 | G32: =F32+G31 -> -101 | H32: =G32+H31 -> -81 | I32: =H32+I31 -> -61 | J32: =I32+J31 -> -41 | ... L32: =K32+L31 -> -2.5
A34: Payback Period | B34: Investment is never paid back within 10 years
